Map: Battle on the Boardwalk LE

Players

Vergil

  • Race: Terran Terran
  • League: Gold
  • Spawn Location: 1:00

Biju - Winner!

  • Race: Zerg Zerg
  • Spawn Location: 11:00

VOD

Have the link to the VOD?

Description

Time

  • Played on: Nov. 20, 2017, 2:02 p.m.
  • Length: 14:19
Show
View Real Time Build Order
Export as new Build Order

Vergil Terran 

Build Orders: 1/1/1 

Get SALT Encoding   

  12  0:01  SCV  
  13  0:13  SCV  
  14  0:19  Supply Depot  
  14  0:25  SCV  
  15  0:30  Refinery  
  15  0:41  SCV  
  16  0:48  Barracks  
  16  0:53  SCV  
  17  1:03  Refinery  
  17  1:05  SCV  
  18  1:17  SCV  
  19  1:18  Supply Depot  
  19  1:29  SCV  
  20  1:39  Factory  
  20  1:41  SCV  
  21  1:53  SCV  
  21  1:54  Barracks Reactor  
  22  2:05  SCV  
  23  2:25  Starport  
  23  2:27  Orbital Command  
  23  2:32  Marine  
  23  2:33  Marine  
  25  3:02  Command Center  
  25  3:08  Starport Tech Lab  
  25  3:18  Barracks Tech Lab  
  25  3:20  Factory  
  25  3:22  Hellion x2  
  29  3:45  Supply Depot  
  29  3:56  Hellion  
  29  4:02  Hellion  
  33  4:05  Liberator  
  36  4:25  Barracks Reactor  
  36  4:27  SCV  
  37  4:40  SCV  
  37  4:43  Supply Depot  
  37  4:44  Siege Tank  
  41  4:48  Liberator  
  41  4:52  SCV  
  42  5:04  SCV  
  46  5:16  SCV  
  47  5:24  Hellion x2  
  51  5:42  Siege Tank  
  54  5:46  Hellion x2  
  58  5:51  Infernal Pre-Igniter  
  58  5:57  Armory  
  58  5:58  Raven  
  60  6:07  SCV  
  61  6:19  SCV  
  62  6:31  SCV  
  63  6:43  SCV  
  45  6:55  SCV  
  35  7:18  SCV  
  34  7:25  Hellion x2  
  34  7:29  Smart Servos  
  38  7:30  SCV  
  39  7:42  SCV  
  40  7:46  Hellion x2  
  37  7:54  SCV  
  35  8:06  SCV  
  35  8:07  Hellion  
  35  8:08  Hellion  
  40  8:16  Siege Tank  
  40  8:18  SCV  
  44  8:25  Raven  
  46  8:29  Hellion x2  
  46  8:31  SCV  
  51  8:43  SCV  
  52  8:48  Siege Tank  
  52  8:50  Hellion x2  
  52  8:55  SCV  
  60  9:07  SCV  
  49  9:12  Hellion x2  
  48  9:19  SCV  
  48  9:20  Siege Tank  
  47  9:31  SCV  
  48  9:43  SCV  
  49  9:50  Hellion x2  
  53  9:55  SCV  
  47  10:07  SCV  
  47  10:11  Hellion x2  
  47  10:33  Hellion x2  
  51  10:49  SCV  
  50  10:54  Hellion x2  
  54  11:01  SCV  
  52  11:13  SCV  
  52  11:15  Hellbat  
  52  11:16  Hellbat  
  57  11:25  SCV  
  57  11:27  Hellion  
  60  11:37  Hellbat x2, SCV  
  65  11:48  Hellion  
  65  11:50  SCV  
  68  11:58  Hellbat  
  70  12:07  Command Center  
  70  12:15  Refinery  
  70  12:17  Refinery  
  70  12:34  SCV  
  70  12:35  Hellion, Hellbat x2  
  77  12:47  SCV  
  78  12:51  Engineering Bay  
  78  12:56  Hellbat  
  82  12:59  SCV  
  82  13:01  Siege Tank  
  82  13:04  Hellbat  
  86  13:18  SCV  
  86  13:19  Hellion  
  89  13:22  Planetary Fortress  
  89  13:26  Hellbat  
  91  13:31  Factory  
  91  13:33  Siege Tank  
  94  13:40  Hellion x12  
Show
View Real Time Build Order
Export as new Build Order

Biju Zerg - Winner!

Build Orders: Hatch First 

Get SALT Encoding   

  12  0:01  Drone  
  13  0:09  Drone  
  14  0:17  Overlord  
  14  0:44  Hatchery  
  14  0:49  Drone x2  
  15  0:58  Drone  
  16  1:04  Extractor  
  16  1:06  Drone  
  16  1:18  Spawning Pool  
  16  1:23  Drone  
  16  1:32  Drone  
  17  1:37  Drone  
  18  1:44  Drone  
  19  1:54  Overlord  
  19  2:00  Drone  
  20  2:09  Queen  
  20  2:10  Queen  
  20  2:13  Zergling x2  
  25  2:25  Drone x3  
  25  2:28  Zergling x2  
  29  2:31  Zergling x2  
  30  2:40  Zergling x4  
  32  2:45  Queen  
  34  2:56  Drone x2  
  36  3:03  Overlord x2  
  36  3:21  Queen  
  36  3:22  Zergling x6  
  36  3:23  Zergling x2  
  36  3:24  Drone x2  
  44  3:37  Drone x2  
  44  3:39  Drone  
  47  3:47  Metabolic Boost  
  47  3:50  Drone x2  
  47  3:51  Drone  
  50  3:57  Queen  
  52  4:16  Hatchery  
  52  4:17  Lair  
  51  4:20  Overlord  
  51  4:21  Overlord  
  51  4:23  Extractor  
  50  4:51  Drone x3  
  50  4:52  Zergling x10  
  58  4:53  Zergling x2  
  58  5:14  Zergling x10  
  63  5:28  Drone x2  
  63  5:29  Drone x4  
  63  5:30  Zergling x2  
  69  5:41  Baneling Nest  
  68  5:43  Drone  
  69  6:03  Drone x5  
  74  6:06  Overlord x2  
  74  6:07  Overlord  
  74  6:14  Pneumatized Carapace  
  74  6:24  Evolution Chamber, Queen  
  75  6:27  Hydralisk Den  
  60  6:50  Drone  
  60  6:51  Zergling x10, Drone  
  60  6:52  Zergling x4  
  66  7:16  Zergling x2  
  66  7:17  Zergling x14  
  66  7:18  Zergling x2  
  73  7:24  Baneling x4  
  73  7:27  Hydralisk  
  73  7:28  Hydralisk x6  
  78  7:52  Zergling x14  
  78  7:57  Overlord x3  
  76  8:08  Zergling x4  
  76  8:09  Zergling x2  
  79  8:25  Zergling x6, Hydralisk  
  79  8:26  Zergling x4, Hydralisk  
  88  8:27  Hatchery  
  88  8:31  Extractor  
  88  8:33  Extractor  
  85  8:35  Zerg Melee Weapons Level 1, Extractor  
  85  8:37  Extractor  
  85  8:39  Drone x2  
  85  8:40  Drone x5  
  90  8:52  Hydralisk x4  
  79  9:21  Zergling x6  
  79  9:22  Zergling x8, Hydralisk x3  
  86  9:31  Drone x3  
  89  9:40  Zergling x8  
  93  9:52  Baneling x4  
  93  9:53  Baneling  
  85  10:13  Zergling x6  
  85  10:14  Zergling x8  
  76  10:24  Hydralisk  
  76  10:25  Zergling x12  
  76  10:26  Zergling x8  
  88  10:29  Zerg Ground Armor Level 1  
  88  10:41  Drone x5  
  88  10:42  Drone  
  90  11:01  Extractor  
  90  11:02  Extractor  
  79  11:17  Lurker Den  
  78  11:21  Spire  
  71  11:36  Lair  
  71  11:38  Hydralisk x2  
  71  11:39  Hydralisk x4  
  83  11:40  Overlord, Hydralisk x2  
  83  11:45  Zergling x4  
  83  11:46  Zergling x14  
  96  11:51  Muscular Augments  
  96  12:17  Overseer  
  94  12:44  Drone x5  
  96  12:50  Overlord x3  
  96  12:51  Mutalisk x4  
  99  12:54  Hatchery  
  106  13:01  Mutalisk  
  108  13:12  Mutalisk x2  
  100  13:30  Hydralisk  
  100  13:31  Hydralisk x2, Mutalisk  
  108  13:40  Hydralisk x2  
  112  13:57  Extractor  
  112  13:59  Extractor  
  110  14:06  Lurker  
  110  14:07  Lurker  
  110  14:08  Lurker  
Tags
 
Add a new tag
Caveats
  • Supply blocks, unpowered buildings, or Contaminate may cause inaccurate times.
  • Supply counts are checked every 10 seconds.